2892 views
Uploaded 2020-01-28 23:43:57
Game version 1.32 / 1.32.1
61:14 long 4on4 ladder game on (8)GolemsInTheMist_LV
Saved by BEARAND
2892 views
Uploaded 2020-01-28 23:43:57
Game version 1.32 / 1.32.1
61:14 long 4on4 ladder game on (8)GolemsInTheMist_LV


278 units @ 44.7k
/ 8k
113 buildings @ 15.7k
/ 6.9k
Ornithopter
(60:38) : 
| Mechanical Critter | 2 | 100 |
| Orb of Fire | 1 | 325 |
| total: | 3 | 425g |
| Peasant | 53 | 3975 | / | 0 |
| Footman | 8 | 1080 | / | 0 |
| Rifleman | 24 | 4920 | / | 720 |
| Priest | 12 | 1620 | / | 120 |
| Knight | 1 | 245 | / | 60 |
| Gryphon Rider | 11 | 3080 | / | 770 |
| Goblin Zeppelin | 1 | 240 | / | 60 |
| Goblin Shredder | 1 | 375 | / | 100 |
| total: | 111 | 15535g | / | 1830w |
| Scout Tower | 26 | 780 | / | 520 |
| Arcane Tower | 6 | 420 | / | 300 |
| Guard Tower | 19 | 1330 | / | 950 |
| Altar of Kings | 1 | 180 | / | 50 |
| Farm | 16 | 1280 | / | 320 |
| Barracks | 2 | 320 | / | 120 |
| Lumber Mill | 1 | 120 | / | 0 |
| Blacksmith | 1 | 140 | / | 60 |
| Arcane Vault | 1 | 130 | / | 30 |
| Town Hall | 6 | 2310 | / | 1230 |
| Arcane Sanctum | 1 | 150 | / | 140 |
| Gryphon Aviary | 4 | 560 | / | 600 |
| Keep | 2 | 640 | / | 420 |
| Castle | 1 | 360 | / | 210 |
| total: | 59 | 5970g | / | 3070w |
| 0:05 | Altar of Kings |
| 0:07 | Farm |
| 0:09 | Peasant |
| 0:09 | Peasant |
| 0:31 | Peasant |
| 0:44 | Peasant |
| 0:57 | Peasant |
| 1:01 | Barracks |
| 1:16 | Peasant |
| 1:22 | Farm |
| 1:26 | Peasant |
| 1:32 | Farm |
| 1:40 | Peasant |
| 2:02 | Peasant |
| 2:13 | Summon Water Elemental |
| 2:17 | Footman |
| 2:22 | Lumber Mill |
| 2:30 | Peasant |
| 2:32 | Footman |
| 2:49 | Footman |
| 3:00 | Peasant |
| 3:03 | Farm |
| 3:03 | Farm |
| 3:19 | Footman |
| 3:43 | Scout Tower |
| 3:57 | Keep |
| 4:47 | Brilliance Aura |
| 5:06 | Farm |
| 5:08 | Farm |
| 5:14 | Arcane Tower |
| 5:17 | Footman |
| 5:19 | Footman |
| 5:30 | Blacksmith |
| 5:51 | Improved Masonry |
| 5:56 | Footman |
| 7:12 | Castle |
| 7:15 | Rifleman |
| 7:15 | Rifleman |
| 7:30 | Scout Tower |
| 7:39 | Scout Tower |
| 7:44 | Rifleman |
| 7:56 | Improved Lumber Harvesting |
| 8:14 | Rifleman |
| 8:20 | Farm |
| 8:22 | Guard Tower |
| 8:35 | Guard Tower |
| 8:43 | Arcane Vault |
| 9:24 | Town Hall |
| 9:32 | Summon Water Elemental |
| 9:41 | Black Gunpowder |
| 9:44 | Long Rifles |
| 9:57 | Peasant |
| 9:57 | Peasant |
| 10:33 | Rifleman |
| 10:36 | Studded Leather Armor |
| 10:46 | Mechanical Critter |
| 10:56 | Mechanical Critter |
| 11:08 | Orb of Fire |
| 11:15 | Rifleman |
| 11:15 | Rifleman |
| 12:05 | Rifleman |
| 12:06 | Refined Gunpowder |
| 12:07 | Rifleman |
| 12:11 | Barracks |
| 12:22 | Brilliance Aura |
| 12:52 | Rifleman |
| 13:20 | Summon Water Elemental |
| 13:23 | Peasant |
| 13:23 | Peasant |
| 13:24 | Peasant |
| 13:24 | Peasant |
| 13:50 | Arcane Sanctum |
| 13:53 | Peasant |
| 14:10 | Town Hall |
| 14:38 | Imbued Gunpowder |
| 14:41 | Peasant |
| 14:41 | Peasant |
| 14:41 | Peasant |
| 14:41 | Peasant |
| 14:45 | Farm |
| 14:46 | Farm |
| 14:46 | Farm |
| 14:47 | Farm |
| 15:43 | Scout Tower |
| 16:02 | Peasant |
| 16:02 | Peasant |
| 16:05 | Farm |
| 16:05 | Farm |
| 16:06 | Farm |
| 16:07 | Farm |
| 16:10 | Reinforced Leather Armor |
| 16:12 | Rifleman |
| 16:13 | Rifleman |
| 16:17 | Peasant |
| 16:37 | Scout Tower |
| 16:39 | Peasant |
| 16:39 | Peasant |
| 16:49 | Priest Adept Training |
| 16:53 | Peasant |
| 17:11 | Goblin Zeppelin |
| 17:12 | Goblin Shredder |
| 17:48 | Rifleman |
| 17:49 | Rifleman |
| 17:50 | Rifleman |
| 17:56 | Priest |
| 17:56 | Priest |
| 18:01 | Arcane Tower |
| 18:13 | Scout Tower |
| 18:17 | Advanced Masonry |
| 18:29 | Priest |
| 18:30 | Priest Master Training |
| 18:47 | Knight |
| 19:12 | Dragonhide Armor |
| 20:06 | Rifleman |
| 20:08 | Priest |
| 20:41 | Town Hall |
| 21:10 | Iron Forged Swords |
| 22:43 | Mass Teleport |
| 23:03 | Town Hall |
| 23:18 | Rifleman |
| 23:19 | Rifleman |
| 24:06 | Scout Tower |
| 24:08 | Scout Tower |
| 24:12 | Peasant |
| 24:12 | Peasant |
| 24:15 | Rifleman |
| 24:48 | Iron Plating |
| 24:48 | Steel Forged Swords |
| 24:52 | Rifleman |
| 24:54 | Priest |
| 24:54 | Priest |
| 25:13 | Guard Tower |
| 25:17 | Arcane Tower |
| 25:18 | Guard Tower |
| 25:45 | Rifleman |
| 25:46 | Rifleman |
| 25:52 | Imbued Masonry |
| 27:00 | Peasant |
| 27:00 | Peasant |
| 27:00 | Peasant |
| 27:00 | Peasant |
| 27:01 | Peasant |
| 27:33 | Footman |
| 27:34 | Rifleman |
| 27:37 | Priest |
| 27:37 | Priest |
| 28:11 | Town Hall |
| 28:23 | Scout Tower |
| 28:23 | Scout Tower |
| 28:26 | Peasant |
| 28:26 | Peasant |
| 28:53 | Steel Plating |
| 28:58 | Magic Sentry |
| 28:59 | Advanced Lumber Harvesting |
| 29:13 | Guard Tower |
| 29:18 | Arcane Tower |
| 29:44 | Priest |
| 29:45 | Rifleman |
| 29:53 | Peasant |
| 30:27 | Town Hall |
| 30:35 | Peasant |
| 30:36 | Peasant |
| 30:36 | Peasant |
| 30:36 | Peasant |
| 31:47 | Scout Tower |
| 32:14 | Guard Tower |
| 32:16 | Scout Tower |
| 32:31 | Gryphon Aviary |
| 32:31 | Gryphon Aviary |
| 32:40 | Guard Tower |
| 32:55 | Peasant |
| 32:55 | Peasant |
| 33:03 | Scout Tower |
| 33:07 | Scout Tower |
| 33:20 | Gryphon Aviary |
| 33:25 | Guard Tower |
| 33:26 | Guard Tower |
| 33:28 | Scout Tower |
| 33:32 | Scout Tower |
| 33:44 | Gryphon Aviary |
| 33:50 | Guard Tower |
| 34:05 | Guard Tower |
| 34:08 | Scout Tower |
| 34:16 | Keep |
| 34:24 | Scout Tower |
| 34:46 | Storm Hammers |
| 34:51 | Guard Tower |
| 35:09 | Scout Tower |
| 35:10 | Guard Tower |
| 35:13 | Scout Tower |
| 35:13 | Scout Tower |
| 35:14 | Scout Tower |
| 35:15 | Scout Tower |
| 35:16 | Scout Tower |
| 35:21 | Gryphon Rider |
| 35:22 | Gryphon Rider |
| 35:23 | Gryphon Rider |
| 35:29 | Scout Tower |
| 35:39 | Arcane Tower |
| 35:41 | Scout Tower |
| 35:46 | Peasant |
| 35:46 | Peasant |
| 35:52 | Guard Tower |
| 35:58 | Gryphon Rider |
| 35:58 | Gryphon Rider |
| 35:58 | Gryphon Rider |
| 35:58 | Gryphon Rider |
| 35:58 | Gryphon Rider |
| 36:01 | Guard Tower |
| 36:02 | Guard Tower |
| 36:03 | Guard Tower |
| 36:04 | Guard Tower |
| 36:07 | Guard Tower |
| 36:54 | Gryphon Rider |
| 36:54 | Gryphon Rider |
| 37:29 | Gryphon Rider |
| 37:59 | Peasant |
| 37:59 | Peasant |
| 37:59 | Peasant |
| 37:59 | Peasant |
| 39:46 | Priest |
| 39:46 | Priest |
| 40:04 | Brilliance Aura |
| 40:47 | Priest |
| 42:48 | Peasant |
| 42:50 | Peasant |
| 43:47 | Peasant |
| Right click | 1787 |
| Select | 687 |
| Select group | 350 |
| Build/train/purchase | 212 |
| Resource trade | 131 |
| Assign group | 55 |
| Chat | 22 |
| Minimap ping | 21 |
| Use ability | 15 |
| Remove unit | 4 |
| Misc. action | 2 |

| Healing Salve | 4 | 400 |
| Lesser Clarity Potion | 5 | 350 |
| Orb of Lightning | 1 | 375 |
| Potion of Healing | 2 | 300 |
| total: | 12 | 1425g |
| Peon | 16 | 1200 | / | 0 |
| Troll Batrider | 16 | 2560 | / | 640 |
| Wind Rider | 18 | 4770 | / | 720 |
| Raider | 7 | 1260 | / | 280 |
| Demolisher | 1 | 220 | / | 50 |
| total: | 58 | 10010g | / | 1690w |
| Watch Tower | 2 | 220 | / | 160 |
| Orc Burrow | 5 | 800 | / | 200 |
| War Mill | 1 | 205 | / | 0 |
| Altar of Storms | 1 | 180 | / | 50 |
| Voodoo Lounge | 1 | 130 | / | 30 |
| Great Hall | 1 | 385 | / | 185 |
| Barracks | 2 | 360 | / | 100 |
| Beastiary | 2 | 290 | / | 280 |
| Stronghold | 2 | 630 | / | 380 |
| Fortress | 2 | 650 | / | 380 |
| total: | 15 | 2570g | / | 1005w |
| 0:02 | Peon |
| 0:02 | Peon |
| 0:18 | Orc Burrow |
| 0:27 | Peon |
| 0:27 | Peon |
| 0:27 | Peon |
| 0:27 | Peon |
| 0:27 | Peon |
| 0:27 | Peon |
| 0:40 | War Mill |
| 0:53 | Altar of Storms |
| 1:03 | Peon |
| 1:03 | Peon |
| 1:34 | Peon |
| 2:14 | Stronghold |
| 2:31 | Orc Burrow |
| 2:39 | Orc Burrow |
| 2:53 | Wind Walk |
| 3:07 | Voodoo Lounge |
| 4:42 | Fortress |
| 4:46 | Beastiary |
| 4:48 | Beastiary |
| 4:59 | Steel Ranged Weapons |
| 5:00 | Thorium Ranged Weapons |
| 5:13 | Healing Salve |
| 5:23 | Orc Burrow |
| 5:53 | Troll Batrider |
| 5:54 | Troll Batrider |
| 6:15 | Arcanite Ranged Weapons |
| 6:24 | Troll Batrider |
| 6:24 | Troll Batrider |
| 7:06 | Critical Strike |
| 7:12 | Critical Strike |
| 7:30 | Troll Batrider |
| 7:31 | Liquid Fire |
| 7:35 | Orc Burrow |
| 7:48 | Troll Batrider |
| 7:49 | Troll Batrider |
| 8:13 | Troll Batrider |
| 9:04 | Troll Batrider |
| 10:27 | Wind Rider |
| 10:27 | Wind Rider |
| 11:06 | Wind Rider |
| 12:27 | Troll Batrider |
| 12:27 | Troll Batrider |
| 13:33 | Troll Batrider |
| 13:33 | Troll Batrider |
| 14:24 | Troll Batrider |
| 15:02 | Wind Walk |
| 16:08 | Wind Rider |
| 16:09 | Envenomed Spears |
| 16:10 | Wind Rider |
| 16:52 | Wind Rider |
| 17:04 | Great Hall |
| 18:08 | Wind Rider |
| 18:59 | Wind Rider |
| 19:44 | Wind Rider |
| 19:54 | Peon |
| 19:54 | Peon |
| 19:54 | Peon |
| 20:54 | Wind Rider |
| 21:49 | Watch Tower |
| 21:50 | Watch Tower |
| 22:36 | Critical Strike |
| 23:37 | Bladestorm |
| 24:09 | Raider |
| 24:09 | Raider |
| 24:10 | Ensnare |
| 24:12 | Steel Melee Weapons |
| 24:19 | Wind Walk |
| 24:55 | Raider |
| 24:56 | Pillage |
| 25:10 | Raider |
| 25:13 | Thorium Melee Weapons |
| 25:13 | Arcanite Melee Weapons |
| 25:41 | Healing Salve |
| 25:42 | Lesser Clarity Potion |
| 26:04 | Raider |
| 27:43 | Raider |
| 27:43 | Raider |
| 28:16 | Steel Armor |
| 28:19 | Mirror Image |
| 31:15 | Barracks |
| 31:18 | Barracks |
| 31:39 | Troll Batrider |
| 31:39 | Troll Batrider |
| 31:44 | Lesser Clarity Potion |
| 31:46 | Orb of Lightning |
| 31:50 | Healing Salve |
| 31:50 | Healing Salve |
| 34:01 | Peon |
| 34:01 | Peon |
| 35:45 | Lesser Clarity Potion |
| 35:47 | Potion of Healing |
| 36:41 | Wind Rider |
| 36:41 | Wind Rider |
| 37:40 | Wind Rider |
| 38:17 | Wind Rider |
| 40:52 | Wind Rider |
| 40:52 | Wind Rider |
| 41:50 | Mirror Image |
| 42:19 | Wind Rider |
| 42:20 | Wind Rider |
| 43:33 | Demolisher |
| 48:38 | Mirror Image |
| 50:35 | Lesser Clarity Potion |
| 50:38 | Potion of Healing |
| 50:42 | Lesser Clarity Potion |
| Right click | 1918 |
| Select | 675 |
| Build/train/purchase | 183 |
| Chat | 104 |
| Misc. action | 44 |
| Use ability | 38 |
| Minimap ping | 16 |
| Resource trade | 5 |
| Remove unit | 2 |
| Esc | 1 |

| Wisp | 22 | 1320 | / | 0 |
| Archer | 2 | 260 | / | 20 |
| Druid of the Claw | 36 | 9180 | / | 2880 |
| Glaive Thrower | 5 | 1050 | / | 325 |
| Goblin Shredder | 1 | 375 | / | 100 |
| Goblin Zeppelin | 2 | 480 | / | 120 |
| total: | 68 | 12665g | / | 3445w |
| Ancient Protector | 6 | 810 | / | 480 |
| Ancient of War | 1 | 150 | / | 60 |
| Altar of Elders | 1 | 180 | / | 50 |
| Moon Well | 8 | 1440 | / | 320 |
| Hunter's Hall | 1 | 210 | / | 100 |
| Tree of Life | 3 | 1020 | / | 555 |
| Ancient of Lore | 2 | 310 | / | 290 |
| Tree of Ages | 1 | 320 | / | 180 |
| Tree of Eternity | 1 | 330 | / | 200 |
| total: | 22 | 4120g | / | 1855w |
| 0:10 | Ancient of War |
| 0:13 | Altar of Elders |
| 0:14 | Moon Well |
| 0:16 | Wisp |
| 0:31 | Wisp |
| 0:47 | Wisp |
| 1:18 | Wisp |
| 1:18 | Wisp |
| 1:29 | Archer |
| 1:33 | Wisp |
| 1:36 | Wisp |
| 1:52 | Moon Well |
| 2:02 | Archer |
| 2:28 | Fan of Knives |
| 2:47 | Moon Well |
| 3:00 | Tree of Ages |
| 3:46 | Hunter's Hall |
| 5:11 | Blink |
| 5:25 | Wisp |
| 5:25 | Wisp |
| 5:33 | Ancient of Lore |
| 5:40 | Ancient of Lore |
| 5:47 | Strength of the Wild |
| 5:47 | Reinforced Hides |
| 6:13 | Goblin Shredder |
| 6:46 | Tree of Eternity |
| 6:51 | Druid of the Claw Adept Training |
| 7:36 | Druid of the Claw |
| 7:37 | Druid of the Claw |
| 7:40 | Druid of the Claw |
| 7:53 | Goblin Zeppelin |
| 8:18 | Druid of the Claw |
| 8:28 | Druid of the Claw |
| 9:10 | Druid of the Claw Master Training |
| 9:12 | Wisp |
| 9:12 | Wisp |
| 9:12 | Wisp |
| 9:13 | Wisp |
| 9:13 | Wisp |
| 10:15 | Moon Well |
| 10:17 | Moon Well |
| 10:21 | Tree of Life |
| 10:32 | Improved Strength of the Wild |
| 10:47 | Mark of the Claw |
| 10:57 | Moon Well |
| 11:31 | Druid of the Claw |
| 11:42 | Wisp |
| 12:06 | Druid of the Claw |
| 12:13 | Improved Reinforced Hides |
| 12:37 | Moon Well |
| 12:55 | Druid of the Claw |
| 13:30 | Druid of the Claw |
| 13:37 | Wisp |
| 13:54 | Fan of Knives |
| 14:01 | Druid of the Claw |
| 14:15 | Druid of the Claw |
| 14:47 | Druid of the Claw |
| 14:57 | Druid of the Claw |
| 15:05 | Advanced Strength of the Wild |
| 15:08 | Advanced Reinforced Hides |
| 17:34 | Druid of the Claw |
| 17:35 | Druid of the Claw |
| 17:36 | Druid of the Claw |
| 17:37 | Druid of the Claw |
| 17:37 | Druid of the Claw |
| 17:38 | Druid of the Claw |
| 18:49 | Moon Well |
| 18:58 | Goblin Zeppelin |
| 20:25 | Druid of the Claw |
| 20:25 | Druid of the Claw |
| 20:25 | Druid of the Claw |
| 21:36 | Vorpal Blades |
| 21:37 | Glaive Thrower |
| 21:37 | Glaive Thrower |
| 21:37 | Glaive Thrower |
| 21:38 | Glaive Thrower |
| 23:33 | Blink |
| 25:17 | Tree of Life |
| 25:37 | Glaive Thrower |
| 25:41 | Druid of the Claw |
| 25:42 | Druid of the Claw |
| 28:38 | Wisp |
| 28:38 | Wisp |
| 28:39 | Wisp |
| 28:39 | Wisp |
| 30:14 | Ancient Protector |
| 30:16 | Ancient Protector |
| 30:17 | Ancient Protector |
| 30:27 | Ancient Protector |
| 30:34 | Druid of the Claw |
| 30:34 | Druid of the Claw |
| 30:34 | Druid of the Claw |
| 30:34 | Druid of the Claw |
| 32:40 | Druid of the Claw |
| 32:41 | Druid of the Claw |
| 32:42 | Druid of the Claw |
| 32:43 | Druid of the Claw |
| 36:04 | Druid of the Claw |
| 36:05 | Druid of the Claw |
| 36:06 | Druid of the Claw |
| 36:06 | Druid of the Claw |
| 45:10 | Tree of Life |
| 46:54 | Ancient Protector |
| 46:58 | Ancient Protector |
| 50:03 | Wisp |
| 50:04 | Wisp |
| Right click | 1313 |
| Select | 1009 |
| Build/train/purchase | 152 |
| Chat | 91 |
| Use ability | 29 |
| Misc. action | 9 |
| Minimap ping | 7 |
| Remove unit | 5 |


| Healing Salve | 1 | 100 |
| Orb of Lightning | 1 | 375 |
| total: | 2 | 475g |
| Peon | 8 | 600 | / | 0 |
| Grunt | 3 | 600 | / | 0 |
| Troll Headhunter | 16 | 2240 | / | 320 |
| Tauren | 8 | 2240 | / | 640 |
| Troll Berserker | 6 | 840 | / | 120 |
| total: | 41 | 6520g | / | 1080w |
| Altar of Storms | 1 | 180 | / | 50 |
| Orc Burrow | 9 | 1440 | / | 360 |
| Barracks | 3 | 540 | / | 150 |
| War Mill | 1 | 205 | / | 0 |
| Voodoo Lounge | 1 | 130 | / | 30 |
| Great Hall | 1 | 385 | / | 185 |
| Tauren Totem | 1 | 135 | / | 155 |
| Stronghold | 1 | 315 | / | 190 |
| Fortress | 1 | 325 | / | 190 |
| total: | 17 | 3015g | / | 930w |
| 0:05 | Altar of Storms |
| 0:07 | Orc Burrow |
| 0:18 | Barracks |
| 0:24 | Barracks |
| 0:31 | Peon |
| 0:31 | Peon |
| 0:31 | Peon |
| 0:50 | Peon |
| 1:30 | War Mill |
| 1:45 | Grunt |
| 1:49 | Peon |
| 2:21 | Voodoo Lounge |
| 2:26 | Orc Burrow |
| 2:31 | Orc Burrow |
| 2:41 | War Stomp |
| 2:50 | Troll Headhunter |
| 3:05 | Troll Headhunter |
| 4:08 | Orc Burrow |
| 4:30 | Grunt |
| 4:30 | Grunt |
| 4:44 | Troll Headhunter |
| 4:44 | Troll Headhunter |
| 4:47 | Peon |
| 4:47 | Peon |
| 5:18 | Endurance Aura |
| 5:45 | Stronghold |
| 5:57 | Orc Burrow |
| 6:32 | Troll Headhunter |
| 6:33 | Troll Headhunter |
| 6:34 | Troll Headhunter |
| 6:49 | Barracks |
| 6:53 | Healing Salve |
| 7:09 | Troll Headhunter |
| 7:31 | Steel Ranged Weapons |
| 7:33 | Troll Headhunter |
| 8:15 | Troll Headhunter |
| 8:16 | Troll Headhunter |
| 8:25 | Fortress |
| 8:37 | Troll Headhunter |
| 8:42 | Troll Headhunter |
| 9:58 | War Stomp |
| 10:07 | Tauren Totem |
| 10:18 | Troll Headhunter |
| 10:22 | Troll Regeneration |
| 11:13 | Endurance Aura |
| 12:49 | Endurance Aura |
| 13:33 | Tauren |
| 13:33 | Tauren |
| 13:36 | Orc Burrow |
| 13:38 | Berserker Upgrade |
| 13:40 | Troll Headhunter |
| 13:40 | Troll Headhunter |
| 13:46 | Orc Burrow |
| 14:29 | Steel Armor |
| 16:45 | Tauren |
| 16:49 | Thorium Ranged Weapons |
| 16:59 | Orc Burrow |
| 18:49 | Orc Burrow |
| 18:53 | Tauren |
| 19:52 | Tauren |
| 19:53 | Tauren |
| 22:59 | Reincarnation |
| 24:13 | Tauren |
| 24:14 | Tauren |
| 24:17 | Troll Berserker |
| 24:17 | Troll Berserker |
| 24:17 | Troll Berserker |
| 25:13 | Healing Wave |
| 26:06 | Steel Melee Weapons |
| 26:09 | Troll Berserker |
| 26:10 | Troll Berserker |
| 26:11 | Troll Berserker |
| 26:12 | Arcanite Ranged Weapons |
| 35:55 | War Stomp |
| 36:37 | Great Hall |
| 48:04 | Orb of Lightning |
| 48:40 | Shockwave |
| 51:08 | Peon |
| Right click | 2281 |
| Select | 300 |
| Build/train/purchase | 144 |
| Use ability | 7 |
| Misc. action | 4 |
| Remove unit | 3 |
| Esc | 2 |
| Item give/drop | 1 |
| Minimap ping | 1 |
155 units @ 17.4k
/ 1.8k
278 buildings @ 24.8k
/ 11.2k


| Potion of Healing | 3 | 450 |
| Scroll of Town Portal | 1 | 350 |
| Scroll of Regeneration | 1 | 100 |
| total: | 5 | 900g |
| Wisp | 11 | 660 | / | 0 |
| Huntress | 9 | 1755 | / | 180 |
| Archer | 6 | 780 | / | 60 |
| Dryad | 4 | 580 | / | 240 |
| total: | 30 | 3775g | / | 480w |
| Altar of Elders | 1 | 180 | / | 50 |
| Moon Well | 4 | 720 | / | 160 |
| Ancient of War | 2 | 300 | / | 120 |
| Hunter's Hall | 1 | 210 | / | 100 |
| Tree of Life | 1 | 340 | / | 185 |
| Ancient of Lore | 1 | 155 | / | 145 |
| Tree of Ages | 1 | 320 | / | 180 |
| total: | 10 | 1905g | / | 760w |
| 0:05 | Wisp |
| 0:09 | Altar of Elders |
| 0:10 | Wisp |
| 0:33 | Moon Well |
| 0:35 | Wisp |
| 0:46 | Wisp |
| 0:56 | Wisp |
| 1:15 | Wisp |
| 1:21 | Ancient of War |
| 1:45 | Hunter's Hall |
| 1:46 | Wisp |
| 2:01 | Wisp |
| 2:13 | Moon Well |
| 2:20 | Wisp |
| 2:35 | Searing Arrows |
| 3:16 | Huntress |
| 3:21 | Ancient of War |
| 3:26 | Moon Well |
| 3:33 | Huntress |
| 4:21 | Huntress |
| 4:22 | Huntress |
| 4:34 | Tree of Ages |
| 5:10 | Huntress |
| 5:12 | Huntress |
| 5:31 | Trueshot Aura |
| 5:49 | Huntress |
| 5:51 | Huntress |
| 6:05 | Moon Well |
| 7:35 | Moon Glaive |
| 7:37 | Huntress |
| 7:47 | Ancient of Lore |
| 8:32 | Improved Bows |
| 8:33 | Archer |
| 8:35 | Strength of the Moon |
| 8:53 | Archer |
| 8:55 | Archer |
| 9:03 | Dryad |
| 9:43 | Archer |
| 10:20 | Tree of Life |
| 10:40 | Entangling Roots |
| 12:12 | Trueshot Aura |
| 13:12 | Thorns Aura |
| 13:25 | Archer |
| 13:34 | Dryad |
| 13:45 | Archer |
| 14:05 | Dryad |
| 14:13 | Wisp |
| 14:13 | Wisp |
| 14:29 | Dryad |
| 14:31 | Abolish Magic |
| 15:44 | Scroll of Regeneration |
| 16:06 | Scroll of Town Portal |
| 16:12 | Potion of Healing |
| 22:25 | Potion of Healing |
| 27:48 | Searing Arrows |
| 29:08 | Potion of Healing |
| 32:30 | Searing Arrows |
| Right click | 1683 |
| Select | 385 |
| Chat | 215 |
| Build/train/purchase | 56 |
| Use ability | 9 |
| Resource trade | 4 |
| Minimap ping | 2 |
| Misc. action | 1 |
| Item give/drop | 1 |



| Staff of Sanctuary | 3 | 750 |
| Potion of Healing | 4 | 600 |
| Boots of Speed | 3 | 750 |
| Staff of Teleportation | 6 | 900 |
| Periapt of Vitality | 1 | 325 |
| Circlet of Nobility | 1 | 175 |
| Orb of Corruption | 3 | 1125 |
| total: | 21 | 4625g |
| Peasant | 33 | 2475 | / | 0 |
| Priest | 2 | 270 | / | 20 |
| Dragonhawk Rider | 4 | 800 | / | 120 |
| Gryphon Rider | 2 | 560 | / | 140 |
| Mortar Team | 7 | 1260 | / | 490 |
| Goblin Zeppelin | 2 | 480 | / | 120 |
| total: | 50 | 5845g | / | 890w |
| Scout Tower | 177 | 5310 | / | 3540 |
| Arcane Tower | 12 | 840 | / | 600 |
| Guard Tower | 99 | 6930 | / | 4950 |
| Altar of Kings | 1 | 180 | / | 50 |
| Farm | 4 | 320 | / | 80 |
| Lumber Mill | 1 | 120 | / | 0 |
| Town Hall | 10 | 3850 | / | 2050 |
| Arcane Vault | 5 | 650 | / | 150 |
| Blacksmith | 1 | 140 | / | 60 |
| Barracks | 2 | 320 | / | 120 |
| Arcane Sanctum | 2 | 300 | / | 280 |
| Gryphon Aviary | 1 | 140 | / | 150 |
| Workshop | 3 | 420 | / | 420 |
| Keep | 2 | 640 | / | 420 |
| Castle | 1 | 360 | / | 210 |
| total: | 207 | 11750g | / | 6900w |
| 0:05 | Peasant |
| 0:05 | Peasant |
| 0:10 | Altar of Kings |
| 0:14 | Farm |
| 0:26 | Peasant |
| 0:34 | Peasant |
| 0:45 | Farm |
| 0:58 | Scout Tower |
| 0:59 | Peasant |
| 1:07 | Lumber Mill |
| 1:21 | Scout Tower |
| 1:22 | Peasant |
| 1:38 | Peasant |
| 1:41 | Arcane Tower |
| 1:42 | Peasant |
| 1:43 | Peasant |
| 2:01 | Scout Tower |
| 2:09 | Guard Tower |
| 2:11 | Blizzard |
| 2:32 | Improved Masonry |
| 2:33 | Scout Tower |
| 2:33 | Peasant |
| 2:33 | Peasant |
| 2:34 | Peasant |
| 2:34 | Peasant |
| 2:47 | Peasant |
| 2:49 | Scout Tower |
| 2:49 | Guard Tower |
| 3:06 | Guard Tower |
| 3:07 | Scout Tower |
| 3:08 | Scout Tower |
| 3:08 | Peasant |
| 3:51 | Guard Tower |
| 3:51 | Keep |
| 4:09 | Guard Tower |
| 4:13 | Farm |
| 4:14 | Farm |
| 4:30 | Guard Tower |
| 4:32 | Scout Tower |
| 4:33 | Scout Tower |
| 4:33 | Scout Tower |
| 4:34 | Scout Tower |
| 4:34 | Scout Tower |
| 4:34 | Scout Tower |
| 5:54 | Town Hall |
| 6:05 | Scout Tower |
| 6:06 | Scout Tower |
| 6:06 | Scout Tower |
| 6:07 | Scout Tower |
| 6:07 | Scout Tower |
| 6:09 | Scout Tower |
| 6:09 | Scout Tower |
| 6:10 | Scout Tower |
| 6:11 | Scout Tower |
| 6:13 | Scout Tower |
| 6:13 | Scout Tower |
| 6:14 | Scout Tower |
| 6:14 | Scout Tower |
| 6:15 | Scout Tower |
| 6:37 | Arcane Tower |
| 6:41 | Brilliance Aura |
| 7:09 | Guard Tower |
| 7:13 | Blizzard |
| 7:33 | Guard Tower |
| 7:36 | Peasant |
| 7:36 | Peasant |
| 7:36 | Peasant |
| 7:36 | Peasant |
| 7:39 | Peasant |
| 7:40 | Peasant |
| 7:41 | Improved Lumber Harvesting |
| 7:42 | Advanced Lumber Harvesting |
| 8:05 | Guard Tower |
| 8:06 | Guard Tower |
| 8:06 | Guard Tower |
| 8:27 | Castle |
| 8:28 | Guard Tower |
| 8:29 | Guard Tower |
| 8:29 | Guard Tower |
| 8:31 | Arcane Tower |
| 8:31 | Guard Tower |
| 8:33 | Arcane Sanctum |
| 8:45 | Advanced Masonry |
| 8:52 | Scout Tower |
| 8:53 | Scout Tower |
| 8:53 | Scout Tower |
| 8:54 | Scout Tower |
| 8:55 | Scout Tower |
| 8:58 | Arcane Vault |
| 9:06 | Scout Tower |
| 9:07 | Scout Tower |
| 9:07 | Scout Tower |
| 9:08 | Scout Tower |
| 9:08 | Scout Tower |
| 9:08 | Scout Tower |
| 9:09 | Scout Tower |
| 9:09 | Scout Tower |
| 9:13 | Storm Bolt |
| 9:31 | Arcane Vault |
| 9:33 | Scout Tower |
| 9:34 | Scout Tower |
| 9:34 | Scout Tower |
| 9:35 | Scout Tower |
| 9:35 | Scout Tower |
| 9:35 | Scout Tower |
| 9:43 | Guard Tower |
| 9:44 | Guard Tower |
| 9:49 | Guard Tower |
| 9:59 | Scout Tower |
| 10:00 | Scout Tower |
| 10:01 | Scout Tower |
| 10:01 | Scout Tower |
| 10:12 | Boots of Speed |
| 10:12 | Staff of Teleportation |
| 10:15 | Boots of Speed |
| 10:24 | Guard Tower |
| 10:27 | Guard Tower |
| 10:27 | Guard Tower |
| 10:37 | Periapt of Vitality |
| 11:08 | Guard Tower |
| 11:08 | Guard Tower |
| 11:08 | Guard Tower |
| 11:09 | Imbued Masonry |
| 11:15 | Peasant |
| 11:15 | Peasant |
| 11:15 | Peasant |
| 11:29 | Guard Tower |
| 11:42 | Guard Tower |
| 11:45 | Guard Tower |
| 11:47 | Arcane Tower |
| 11:47 | Arcane Tower |
| 11:52 | Holy Light |
| 12:31 | Staff of Teleportation |
| 12:31 | Boots of Speed |
| 12:34 | Circlet of Nobility |
| 12:37 | Town Hall |
| 12:41 | Bash |
| 12:49 | Scout Tower |
| 12:49 | Scout Tower |
| 12:50 | Scout Tower |
| 12:50 | Scout Tower |
| 12:51 | Scout Tower |
| 12:51 | Scout Tower |
| 12:52 | Scout Tower |
| 12:53 | Scout Tower |
| 12:53 | Scout Tower |
| 12:54 | Scout Tower |
| 12:55 | Scout Tower |
| 12:56 | Scout Tower |
| 13:03 | Arcane Tower |
| 13:03 | Guard Tower |
| 13:23 | Guard Tower |
| 13:28 | Guard Tower |
| 13:29 | Guard Tower |
| 13:29 | Guard Tower |
| 13:30 | Guard Tower |
| 13:37 | Arcane Vault |
| 13:42 | Arcane Vault |
| 13:43 | Guard Tower |
| 13:58 | Guard Tower |
| 13:59 | Guard Tower |
| 14:06 | Staff of Sanctuary |
| 14:20 | Arcane Tower |
| 14:25 | Guard Tower |
| 14:26 | Guard Tower |
| 14:32 | Staff of Teleportation |
| 14:32 | Staff of Teleportation |
| 14:32 | Staff of Teleportation |
| 14:32 | Staff of Teleportation |
| 14:49 | Guard Tower |
| 14:55 | Staff of Sanctuary |
| 14:58 | Guard Tower |
| 15:06 | Scout Tower |
| 15:07 | Scout Tower |
| 15:07 | Scout Tower |
| 15:07 | Scout Tower |
| 15:08 | Scout Tower |
| 15:08 | Scout Tower |
| 15:08 | Scout Tower |
| 15:09 | Scout Tower |
| 15:09 | Scout Tower |
| 15:10 | Scout Tower |
| 15:12 | Scout Tower |
| 15:21 | Arcane Tower |
| 15:22 | Guard Tower |
| 15:42 | Brilliance Aura |
| 16:03 | Guard Tower |
| 16:04 | Scout Tower |
| 16:05 | Scout Tower |
| 16:05 | Scout Tower |
| 16:06 | Scout Tower |
| 16:10 | Arcane Tower |
| 16:11 | Scout Tower |
| 16:12 | Scout Tower |
| 16:12 | Scout Tower |
| 16:32 | Potion of Healing |
| 16:40 | Guard Tower |
| 16:42 | Orb of Corruption |
| 16:45 | Orb of Corruption |
| 16:49 | Guard Tower |
| 16:50 | Peasant |
| 16:51 | Peasant |
| 16:51 | Peasant |
| 16:52 | Guard Tower |
| 16:54 | Gryphon Aviary |
| 16:55 | Blacksmith |
| 17:07 | Guard Tower |
| 17:07 | Guard Tower |
| 17:16 | Scout Tower |
| 17:17 | Scout Tower |
| 17:17 | Scout Tower |
| 17:18 | Scout Tower |
| 17:18 | Scout Tower |
| 17:19 | Scout Tower |
| 17:19 | Scout Tower |
| 17:20 | Scout Tower |
| 17:56 | Guard Tower |
| 18:01 | Goblin Zeppelin |
| 18:09 | Guard Tower |
| 18:15 | Magic Sentry |
| 18:15 | Priest Adept Training |
| 18:16 | Priest |
| 18:18 | Dragonhawk Rider |
| 18:18 | Dragonhawk Rider |
| 18:25 | Town Hall |
| 18:39 | Guard Tower |
| 18:40 | Guard Tower |
| 19:05 | Arcane Vault |
| 19:06 | Guard Tower |
| 19:20 | Divine Shield |
| 19:29 | Barracks |
| 19:51 | Guard Tower |
| 20:40 | Storm Bolt |
| 21:09 | Staff of Sanctuary |
| 21:10 | Orb of Corruption |
| 21:20 | Animal War Training |
| 21:21 | Scout Tower |
| 21:22 | Scout Tower |
| 21:22 | Scout Tower |
| 21:23 | Scout Tower |
| 21:24 | Scout Tower |
| 21:24 | Scout Tower |
| 21:25 | Scout Tower |
| 21:28 | Scout Tower |
| 21:28 | Scout Tower |
| 21:29 | Scout Tower |
| 21:29 | Scout Tower |
| 21:30 | Scout Tower |
| 21:30 | Scout Tower |
| 21:36 | Scout Tower |
| 21:37 | Scout Tower |
| 21:37 | Scout Tower |
| 21:38 | Scout Tower |
| 21:38 | Scout Tower |
| 21:39 | Scout Tower |
| 21:39 | Scout Tower |
| 21:40 | Scout Tower |
| 21:40 | Scout Tower |
| 21:40 | Scout Tower |
| 21:51 | Town Hall |
| 22:13 | Holy Light |
| 22:44 | Blizzard |
| 23:36 | Potion of Healing |
| 23:43 | Guard Tower |
| 24:04 | Potion of Healing |
| 24:06 | Potion of Healing |
| 24:26 | Guard Tower |
| 25:04 | Peasant |
| 25:06 | Guard Tower |
| 25:09 | Scout Tower |
| 25:10 | Scout Tower |
| 25:10 | Scout Tower |
| 25:11 | Scout Tower |
| 25:11 | Scout Tower |
| 26:14 | Peasant |
| 26:16 | Scout Tower |
| 26:17 | Scout Tower |
| 26:17 | Scout Tower |
| 26:19 | Scout Tower |
| 26:24 | Scout Tower |
| 26:24 | Scout Tower |
| 26:24 | Scout Tower |
| 26:44 | Guard Tower |
| 28:37 | Cloud |
| 28:38 | Storm Hammers |
| 28:38 | Iron Forged Swords |
| 28:39 | Studded Leather Armor |
| 29:05 | Town Hall |
| 29:11 | Divine Shield |
| 29:22 | Bash |
| 31:38 | Mass Teleport |
| 31:56 | Holy Light |
| 32:19 | Storm Bolt |
| 33:07 | Peasant |
| 33:07 | Peasant |
| 33:07 | Peasant |
| 33:07 | Peasant |
| 35:56 | Town Hall |
| 35:59 | Scout Tower |
| 35:59 | Scout Tower |
| 36:00 | Scout Tower |
| 36:01 | Scout Tower |
| 36:01 | Scout Tower |
| 36:02 | Scout Tower |
| 36:02 | Scout Tower |
| 36:03 | Scout Tower |
| 36:04 | Scout Tower |
| 36:04 | Scout Tower |
| 36:05 | Scout Tower |
| 36:05 | Scout Tower |
| 36:06 | Scout Tower |
| 36:06 | Scout Tower |
| 37:18 | Scout Tower |
| 37:29 | Arcane Tower |
| 37:38 | Steel Forged Swords |
| 37:39 | Reinforced Leather Armor |
| 37:53 | Guard Tower |
| 39:42 | Brilliance Aura |
| 40:15 | Gryphon Rider |
| 40:15 | Gryphon Rider |
| 40:16 | Mithril Forged Swords |
| 40:16 | Dragonhide Armor |
| 40:48 | Town Hall |
| 40:50 | Scout Tower |
| 40:51 | Scout Tower |
| 40:51 | Scout Tower |
| 40:51 | Scout Tower |
| 40:52 | Scout Tower |
| 40:52 | Scout Tower |
| 40:53 | Scout Tower |
| 40:54 | Scout Tower |
| 40:55 | Scout Tower |
| 40:55 | Scout Tower |
| 40:55 | Scout Tower |
| 40:56 | Scout Tower |
| 40:56 | Scout Tower |
| 40:57 | Scout Tower |
| 40:57 | Scout Tower |
| 40:57 | Scout Tower |
| 40:58 | Scout Tower |
| 40:58 | Scout Tower |
| 40:59 | Scout Tower |
| 40:59 | Scout Tower |
| 41:00 | Scout Tower |
| 41:00 | Scout Tower |
| 41:01 | Scout Tower |
| 41:01 | Scout Tower |
| 41:05 | Dragonhawk Rider |
| 41:05 | Dragonhawk Rider |
| 41:33 | Guard Tower |
| 41:33 | Guard Tower |
| 41:43 | Guard Tower |
| 41:44 | Guard Tower |
| 41:44 | Guard Tower |
| 42:15 | Guard Tower |
| 42:22 | Divine Shield |
| 42:38 | Guard Tower |
| 42:51 | Scout Tower |
| 42:52 | Scout Tower |
| 43:19 | Guard Tower |
| 43:22 | Scout Tower |
| 43:23 | Scout Tower |
| 43:24 | Scout Tower |
| 43:24 | Scout Tower |
| 43:25 | Scout Tower |
| 43:27 | Scout Tower |
| 43:28 | Scout Tower |
| 43:28 | Scout Tower |
| 43:28 | Scout Tower |
| 43:29 | Scout Tower |
| 43:29 | Scout Tower |
| 43:30 | Scout Tower |
| 43:30 | Scout Tower |
| 43:53 | Guard Tower |
| 44:02 | Guard Tower |
| 44:10 | Town Hall |
| 44:23 | Guard Tower |
| 44:28 | Priest |
| 44:50 | Guard Tower |
| 45:10 | Guard Tower |
| 46:20 | Avatar |
| 46:31 | Town Hall |
| 48:25 | Guard Tower |
| 54:14 | Town Hall |
| 55:18 | Barracks |
| 55:20 | Arcane Sanctum |
| 55:20 | Workshop |
| 55:22 | Workshop |
| 55:23 | Workshop |
| 57:07 | Summon Water Elemental |
| 57:11 | Mortar Team |
| 57:18 | Black Gunpowder |
| 57:40 | Mortar Team |
| 58:01 | Mortar Team |
| 58:01 | Mortar Team |
| 58:02 | Mortar Team |
| 58:03 | Mortar Team |
| 58:03 | Mortar Team |
| 58:18 | Bash |
| 58:20 | Devotion Aura |
| 58:39 | Refined Gunpowder |
| 59:18 | Fragmentation Shards |
| 59:19 | Flare |
| 59:49 | Goblin Zeppelin |
| Right click | 5686 |
| Select | 1532 |
| Select group | 1003 |
| Chat | 414 |
| Build/train/purchase | 312 |
| Use ability | 265 |
| Misc. action | 62 |
| Minimap ping | 50 |
| Assign group | 25 |
| Resource trade | 11 |
| Item give/drop | 5 |
| Remove unit | 5 |
| Esc | 1 |



| Rod of Necromancy | 1 | 150 |
| Orb of Corruption | 3 | 1125 |
| Potion of Healing | 1 | 150 |
| Potion of Mana | 1 | 200 |
| Lesser Clarity Potion | 1 | 70 |
| Boots of Speed | 3 | 750 |
| Potion of Invisibility | 1 | 100 |
| Staff of Teleportation | 4 | 600 |
| Periapt of Vitality | 3 | 975 |
| Circlet of Nobility | 2 | 350 |
| Staff of Sanctuary | 3 | 750 |
| total: | 23 | 5220g |
| Acolyte | 12 | 900 | / | 0 |
| Ghoul | 7 | 840 | / | 0 |
| Obsidian Statue | 5 | 1000 | / | 175 |
| total: | 24 | 2740g | / | 175w |
| Nerubian Tower | 2 | 200 | / | 40 |
| Spirit Tower | 9 | 1305 | / | 360 |
| Altar of Darkness | 2 | 360 | / | 100 |
| Ziggurat | 18 | 2700 | / | 900 |
| Crypt | 1 | 200 | / | 50 |
| Tomb of Relics | 2 | 260 | / | 60 |
| Graveyard | 1 | 215 | / | 0 |
| Necropolis | 6 | 1350 | / | 0 |
| Slaughterhouse | 2 | 280 | / | 270 |
| Sacrificial Pit | 1 | 75 | / | 150 |
| Halls of the Dead | 2 | 640 | / | 420 |
| Black Citadel | 2 | 650 | / | 460 |
| total: | 33 | 5440g | / | 1530w |
| 0:03 | Acolyte |
| 0:07 | Altar of Darkness |
| 0:09 | Ziggurat |
| 0:12 | Acolyte |
| 0:28 | Crypt |
| 0:53 | Tomb of Relics |
| 1:27 | Ziggurat |
| 1:33 | Ghoul |
| 1:46 | Nerubian Tower |
| 1:55 | Ghoul |
| 2:10 | Rod of Necromancy |
| 2:15 | Ghoul |
| 2:23 | Death Coil |
| 2:30 | Graveyard |
| 2:33 | Ghoul |
| 2:47 | Ghoul |
| 3:13 | Ghoul |
| 3:17 | Ziggurat |
| 3:52 | Halls of the Dead |
| 4:11 | Spirit Tower |
| 4:13 | Spirit Tower |
| 4:17 | Unholy Aura |
| 4:30 | Ziggurat |
| 4:42 | Ghoul |
| 5:46 | Spirit Tower |
| 5:58 | Ziggurat |
| 7:29 | Black Citadel |
| 7:30 | Spirit Tower |
| 7:33 | Slaughterhouse |
| 7:35 | Ziggurat |
| 7:53 | Frost Nova |
| 8:24 | Necropolis |
| 8:52 | Necropolis |
| 9:01 | Obsidian Statue |
| 9:01 | Obsidian Statue |
| 9:02 | Death Coil |
| 9:36 | Spirit Tower |
| 9:51 | Orb of Corruption |
| 10:01 | Acolyte |
| 10:01 | Acolyte |
| 10:02 | Acolyte |
| 10:02 | Acolyte |
| 10:05 | Acolyte |
| 10:58 | Ziggurat |
| 11:09 | Frost Armor |
| 11:17 | Ziggurat |
| 11:20 | Ziggurat |
| 11:32 | Rain of Fire |
| 12:57 | Spirit Tower |
| 12:59 | Ziggurat |
| 13:00 | Ziggurat |
| 13:15 | Boots of Speed |
| 13:17 | Potion of Invisibility |
| 13:37 | Staff of Sanctuary |
| 13:53 | Ziggurat |
| 13:55 | Ziggurat |
| 13:56 | Ziggurat |
| 14:01 | Tomb of Relics |
| 14:04 | Nerubian Tower |
| 14:05 | Spirit Tower |
| 14:25 | Orb of Corruption |
| 14:32 | Staff of Teleportation |
| 14:35 | Boots of Speed |
| 14:51 | Staff of Sanctuary |
| 16:00 | Staff of Teleportation |
| 16:05 | Periapt of Vitality |
| 16:10 | Circlet of Nobility |
| 19:29 | Howl of Terror |
| 19:36 | Creature Attack |
| 19:37 | Creature Carapace |
| 19:39 | Spirit Tower |
| 19:57 | Staff of Teleportation |
| 20:07 | Acolyte |
| 20:08 | Acolyte |
| 20:08 | Acolyte |
| 20:08 | Acolyte |
| 20:41 | Unholy Aura |
| 20:56 | Staff of Sanctuary |
| 21:05 | Orb of Corruption |
| 21:25 | Boots of Speed |
| 21:26 | Circlet of Nobility |
| 21:27 | Periapt of Vitality |
| 21:29 | Frost Nova |
| 22:55 | Rain of Fire |
| 23:28 | Staff of Teleportation |
| 23:37 | Frost Armor |
| 23:49 | Death Coil |
| 25:02 | Potion of Healing |
| 25:18 | Necropolis |
| 26:12 | Frost Nova |
| 27:36 | Potion of Mana |
| 27:40 | Lesser Clarity Potion |
| 28:59 | Periapt of Vitality |
| 29:51 | Necropolis |
| 30:08 | Unholy Aura |
| 31:11 | Howl of Terror |
| 31:23 | Death and Decay |
| 32:04 | Slaughterhouse |
| 32:30 | Sacrificial Pit |
| 33:41 | Frost Armor |
| 33:43 | Animate Dead |
| 34:02 | Obsidian Statue |
| 39:40 | Obsidian Statue |
| 42:14 | Obsidian Statue |
| 45:49 | Death Pact |
| 46:17 | Acolyte |
| 46:42 | Necropolis |
| 47:50 | Death Pact |
| 48:29 | Necropolis |
| 49:50 | Rain of Fire |
| 49:57 | Dark Ritual |
| 50:06 | Altar of Darkness |
| 50:09 | Ziggurat |
| 50:12 | Halls of the Dead |
| 57:41 | Spirit Tower |
| 57:43 | Black Citadel |
| 58:21 | Ziggurat |
| 58:23 | Ziggurat |
| 58:26 | Ziggurat |
| Right click | 4569 |
| Select group | 4047 |
| Select | 447 |
| Use ability | 274 |
| Build/train/purchase | 184 |
| Misc. action | 176 |
| Chat | 161 |
| Minimap ping | 47 |
| Resource trade | 39 |
| Assign group | 16 |
| Item give/drop | 12 |
| Esc | 7 |


| Wisp | 22 | 1320 | / | 0 |
| Archer | 29 | 3770 | / | 290 |
| total: | 51 | 5090g | / | 290w |
| Ancient Protector | 1 | 135 | / | 80 |
| Ancient of War | 4 | 600 | / | 240 |
| Tree of Life | 5 | 1700 | / | 925 |
| Moon Well | 15 | 2700 | / | 600 |
| Altar of Elders | 2 | 360 | / | 100 |
| Hunter's Hall | 1 | 210 | / | 100 |
| Tree of Ages | 4 | 1280 | / | 720 |
| Tree of Eternity | 1 | 330 | / | 200 |
| total: | 28 | 5705g | / | 2045w |
| 0:03 | Wisp |
| 0:03 | Wisp |
| 0:03 | Wisp |
| 0:05 | Wisp |
| 0:05 | Wisp |
| 0:33 | Ancient of War |
| 0:36 | Wisp |
| 0:37 | Wisp |
| 0:49 | Wisp |
| 1:04 | Wisp |
| 1:04 | Wisp |
| 1:07 | Wisp |
| 1:39 | Tree of Life |
| 2:02 | Moon Well |
| 2:22 | Moon Well |
| 2:53 | Wisp |
| 2:53 | Wisp |
| 2:54 | Wisp |
| 3:02 | Moon Well |
| 3:05 | Archer |
| 3:06 | Archer |
| 3:06 | Archer |
| 3:24 | Altar of Elders |
| 3:38 | Archer |
| 3:57 | Archer |
| 4:09 | Hunter's Hall |
| 4:53 | Archer |
| 4:53 | Archer |
| 5:18 | Archer |
| 5:19 | Archer |
| 5:19 | Archer |
| 5:46 | Ancient Protector |
| 5:49 | Strength of the Moon |
| 5:57 | Trueshot Aura |
| 7:49 | Tree of Ages |
| 7:54 | Archer |
| 7:54 | Archer |
| 7:55 | Archer |
| 8:07 | Moon Well |
| 8:08 | Moon Well |
| 8:09 | Moon Well |
| 8:10 | Moon Well |
| 8:20 | Archer |
| 8:21 | Archer |
| 8:23 | Moon Armor |
| 8:52 | Wisp |
| 8:53 | Wisp |
| 8:53 | Wisp |
| 8:53 | Wisp |
| 9:48 | Tree of Ages |
| 10:02 | Tree of Life |
| 10:16 | Archer |
| 10:16 | Archer |
| 10:16 | Archer |
| 10:16 | Archer |
| 10:18 | Archer |
| 10:18 | Archer |
| 11:21 | Moon Well |
| 11:24 | Moon Well |
| 12:13 | Searing Arrows |
| 14:26 | Archer |
| 14:26 | Archer |
| 14:27 | Archer |
| 14:27 | Archer |
| 15:01 | Wisp |
| 15:03 | Tree of Ages |
| 16:39 | Archer |
| 16:40 | Archer |
| 16:40 | Archer |
| 16:40 | Archer |
| 16:51 | Tree of Life |
| 17:12 | Wisp |
| 17:12 | Wisp |
| 18:34 | Tree of Life |
| 18:39 | Wisp |
| 19:07 | Tree of Ages |
| 19:24 | Tree of Life |
| 22:15 | Trueshot Aura |
| 22:41 | Altar of Elders |
| 24:37 | Moon Well |
| 24:42 | Moon Well |
| 24:44 | Moon Well |
| 24:47 | Moon Well |
| 24:49 | Moon Well |
| 25:10 | Moon Well |
| 25:39 | Tree of Eternity |
| 25:53 | Ancient of War |
| 28:48 | Searing Arrows |
| 29:04 | Ancient of War |
| 29:18 | Ancient of War |
| 33:15 | Black Arrow |
| Right click | 1585 |
| Select | 619 |
| Build/train/purchase | 79 |
| Chat | 79 |
| Resource trade | 48 |
| Use ability | 40 |
| Remove unit | 3 |
⇛